 Dungeon Crawl Stone Soup version 0.21.1-1-g345015f (webtiles) character file.

5665 theblackcape the Martial Artist (level 10, -3/76 HPs)
             Began as a Gnoll Transmuter on July 9, 2018.
             Was a Believer of Ashenzari.
             Slain by a yak (7 damage)
             ... on level 9 of the Dungeon.
             The game lasted 00:24:43 (10287 turns).

theblackcape the Martial Artist (Gnoll Transmuter) Turns: 10287, Time: 00:24:44

Health: -3/76      AC:  8    Str: 15    XL:     10   Next: 75%
Magic:  21/21      EV: 16    Int: 16    God:    Ashenzari [**....]
Gold:   348        SH:  0    Dex: 16    Spells: 16/24 levels left

rFire    . . .     SeeInvis .     - Unarmed
rCold    . . .     Gourm    .   (no shield)
rNeg     . . .     Faith    .   r - +0 leather armour
rPois    .         Spirit   .   (no helmet)
rElec    .         Reflect  .   I - +2 cloak
rCorr    .         Harm     .   (no gloves)
MR       .....                  (no boots)
Stlth    +++.......             (no amulet)
HPRegen  0.22/turn              p - +2 ring of protection (curse)
MPRegen  0.17/turn              (no ring)

@: no status effects
A: distributed training, fangs 1, strong nose
a: Curse Item, Scrying, Renounce Religion


You were on level 9 of the Dungeon.
You worshipped Ashenzari.
Ashenzari was pleased with you.
You were not hungry.

You visited 2 branches of the dungeon, and saw 10 of its levels.

You collected 348 gold pieces.

Inventory:

Missiles
 a - 131 arrows
Armour
 b - a +0 robe
 r - a +0 leather armour (worn)
 I - a +2 cloak (worn)
Jewellery
 p - a cursed +2 ring of protection (left hand)
 G - a +2 ring of intelligence
 H - a +2 ring of evasion
Wands
 k - a wand of random effects (24)
 t - a wand of polymorph (16)
 y - a wand of disintegration (12)
 z - a wand of iceblast (12)
 A - a wand of acid (8)
 K - a wand of digging (6)
Scrolls
 e - 9 scrolls of identify
 h - 3 scrolls of immolation {unknown}
 j - 2 scrolls of fog {unknown}
 l - 2 scrolls of fear {unknown}
 o - 2 scrolls of teleportation {unknown}
 s - a scroll of blinking {unknown}
 x - 3 scrolls of remove curse
 C - a scroll of enchant weapon {unknown}
 D - a scroll of silence {unknown}
Potions
 f - 2 potions of curing
 g - a potion of berserk rage {unknown}
 i - a potion of magic {unknown}
 m - a potion of ambrosia {unknown}
 n - 3 potions of brilliance {unknown}
 q - 2 potions of heal wounds {unknown}
 u - 2 potions of flight {unknown}
 v - a potion of might {unknown}
 B - a potion of lignification {unknown}
 E - a potion of agility {unknown}
 J - 2 potions of degeneration {unknown}
Books
 c - a book of Changes

   Spells                             Type                      Level
   a - Beastly Appendage              Transmutation                1
   b - Sticks to Snakes               Transmutation                2
   c - Spider Form                    Transmutation/Poison         3
   d - Ice Form                       Ice/Transmutation            4
   e - Blade Hands                    Transmutation                5
 w - a book of Air

   Spells                             Type                      Level
   a - Shock                          Conjuration/Air              1
   b - Swiftness                      Charms/Air                   2
   c - Static Discharge               Conjuration/Air              3
   d - Airstrike                      Air                          4
   e - Lightning Bolt                 Conjuration/Air              5
 L - a book of Minor Magic

   Spells                             Type                      Level
   a - Magic Dart                     Conjuration                  1
   b - Blink                          Translocation                2
   c - Call Imp                       Summoning                    2
   d - Slow                           Hexes                        2
   e - Conjure Flame                  Conjuration/Fire             3
   f - Mephitic Cloud                 Conjuration/Poison/Air       3
Comestibles
 d - 8 rations
 F - 5 chunks of flesh


   Skills:
 + Level 6.1 Fighting
 + Level 5.4 Short Blades
 + Level 5.4 Long Blades
 + Level 5.4 Axes
 + Level 5.4 Maces & Flails
 + Level 5.4 Polearms
 + Level 5.4 Staves
 + Level 5.4 Slings
 + Level 5.4 Bows
 + Level 5.4 Crossbows
 + Level 5.4 Throwing
 + Level 5.4 Armour
 + Level 7.2 Dodging
 + Level 5.4 Stealth
 + Level 5.4 Shields
 + Level 8.6 Unarmed Combat
 + Level 7.5 Spellcasting
 + Level 4.5 Conjurations
 + Level 4.5 Hexes
 + Level 4.5 Charms
 + Level 4.5 Summonings
 + Level 4.5 Necromancy
 + Level 4.5 Translocations
 + Level 6.0 Transmutations
 + Level 4.5 Fire Magic
 + Level 4.5 Ice Magic
 + Level 4.5 Air Magic
 + Level 4.5 Earth Magic
 + Level 4.5 Poison Magic
 + Level 6.0 Invocations
 + Level 5.4 Evocations


You had 16 spell levels left.
You knew the following spells:

 Your Spells              Type           Power        Failure   Level  Hunger
a - Beastly Appendage     Tmut           ####..       1%          1    None
b - Sticks to Snakes      Tmut           ####....     1%          2    None
c - Blade Hands           Tmut           ####......   32%         5    #####..


Dungeon Overview and Level Annotations

Branches:
Dungeon (9/15)             Temple (1/1) D:4            Lair (0/6) D:8
    Orc: D:9-12

Altars:
Ashenzari
Cheibriados
Dithmenos
Elyvilon
Fedhas
Gozag
Hepliaklqana
Kikubaaqudgha
Makhleb
Nemelex Xobeh
Okawaru
Qazlal
Ru
Sif Muna
Trog
Uskayaw
Vehumet
Wu Jian
Xom
Yredelemnul
Zin
The Shining One

Shops:
D:8 :


Innate Abilities, Weirdness & Mutations

Your experience applies equally to all skills.
You have very sharp teeth.
Your uncanny sense of smell can sniff out nearby items.


Message History

You closely miss the yak.
The yak is moderately wounded.
The yak closely misses you.
You barely miss the yak.
The yak is moderately wounded.
The yak gores you.
* * * LOW HITPOINT WARNING * * *
You hit the yak.
The yak is moderately wounded.
You punch the yak! You bite the yak, but do no damage.
The yak is heavily wounded.
The yak gores you!
* * * LOW HITPOINT WARNING * * *
You punch the yak!
The yak is severely wounded.
The yak gores you but does no damage.
You hit the yak.
The yak is almost dead.
The yak gores you!
You die...

* ## *∆ ... *,,..<. , *
..... #####......,
###########..@Y......
####...........###..$...
, .....########### .....
###### ,.... , ..> ** ,
## * *


You could see a yak.

Vanquished Creatures
  Erolcha (D:9)
  A two-headed ogre (D:9)
  Pikel (D:9)
  Grinder (D:5)
  Sigmund (D:3)
  3 yaks (D:9)
  A hungry ghost (D:8)
  An orc warrior (D:8)
  5 sky beasts
  An ice beast (D:6)
  A phantom (D:4)
  2 eyes of draining (D:7)
  2 centaurs (D:5)
  5 ogres
  4 bullfrogs
  2 scorpions
  3 howler monkeys (D:8)
  5 crimson imps
  A centaur skeleton (D:6)
  An iron imp (D:6)
  A jelly (D:6)
  5 orc wizards
  5 orc priests
  A hound (D:9)
  Natasha (D:2)
  2 iguanas
  5 worker ants
  2 hound zombies
  A hound skeleton (D:2)
  Robin (D:2)
  2 gnolls (D:5)
  A howler monkey skeleton (D:4)
  9 adders
  An adder skeleton (D:5)
  A dart slug (D:3)
  9 leopard geckos
  5 orcs
  9 giant cockroaches
  19 hobgoblins
  7 jackals
  6 ball pythons
  12 bats
  8 frilled lizards
  13 goblins
  A jackal zombie (D:8)
  10 kobolds
  2 quokka skeletons
  3 rats
184 creatures vanquished.

Vanquished Creatures (collateral kills)
  A yak (D:9)
  Eustachio (D:4)
  2 ogres
  A gnoll shaman (D:5)
  A worker ant (D:5)
  2 gnolls (D:5)
  An adder (D:5)
  A shadow imp (D:4)
  A leopard gecko (D:5)
  4 orcs
  A bat (D:3)
  2 goblins (D:2)
  A leopard gecko zombie (D:5)
19 creatures vanquished.

Vanquished Creatures (others)
  A slave (D:9)
  A quokka (D:9)
2 creatures vanquished.

Grand Total: 205 creatures vanquished

Notes
Turn   | Place    | Note
-------+----------+-------------------------------------------
     0 | D:1      | theblackcape the Gnoll Transmuter began the quest for the Orb.
     0 | D:1      | Reached XP level 1. HP: 17/17 MP: 6/6
    66 | D:1      | Reached XP level 2. HP: 17/23 MP: 7/7
   260 | D:1      | Reached XP level 3. HP: 25/28 MP: 7/9
   277 | D:1      | Reached skill level 5 in Spellcasting
   531 | D:1      | Reached skill level 1 in Invocations
   846 | D:2      | Reached skill level 1 in Short Blades
   846 | D:2      | Reached skill level 1 in Long Blades
   846 | D:2      | Reached skill level 1 in Axes
   846 | D:2      | Reached skill level 1 in Maces & Flails
   846 | D:2      | Reached skill level 1 in Polearms
   846 | D:2      | Reached skill level 1 in Staves
   846 | D:2      | Reached skill level 1 in Slings
   846 | D:2      | Reached skill level 1 in Bows
   846 | D:2      | Reached skill level 1 in Crossbows
   846 | D:2      | Reached skill level 1 in Throwing
   846 | D:2      | Reached skill level 1 in Armour
   846 | D:2      | Reached skill level 1 in Stealth
   846 | D:2      | Reached skill level 1 in Shields
   846 | D:2      | Reached skill level 1 in Evocations
   852 | D:1      | Reached XP level 4. HP: 16/34 MP: 11/11
  1248 | D:2      | Noticed an ogre
  1262 | D:2      | Learned a level 2 spell: Sticks to Snakes
  1275 | D:2      | Killed an ogre
  1275 | D:2      | Reached skill level 1 in Conjurations
  1275 | D:2      | Reached skill level 1 in Hexes
  1275 | D:2      | Reached skill level 1 in Charms
  1275 | D:2      | Reached skill level 1 in Summonings
  1275 | D:2      | Reached skill level 1 in Necromancy
  1275 | D:2      | Reached skill level 1 in Translocations
  1275 | D:2      | Reached skill level 1 in Fire Magic
  1275 | D:2      | Reached skill level 1 in Ice Magic
  1275 | D:2      | Reached skill level 1 in Air Magic
  1275 | D:2      | Reached skill level 1 in Earth Magic
  1275 | D:2      | Reached skill level 1 in Poison Magic
  1275 | D:2      | Reached XP level 5. HP: 32/40 MP: 5/12
  1358 | D:2      | Noticed Robin
  1369 | D:2      | Killed Robin
  1873 | D:2      | Found a sparkling altar of Nemelex Xobeh.
  1873 | D:2      | Noticed Natasha
  1882 | D:2      | Killed Natasha
  2225 | D:2      | Reached XP level 6. HP: 43/47 MP: 13/13
  2401 | D:3      | Found a hide-covered altar of Uskayaw.
  2490 | D:3      | Noticed Sigmund
  2507 | D:3      | Killed Sigmund
  2507 | D:3      | Reached skill level 5 in Dodging
  2904 | D:4      | Reached XP level 7. HP: 44/52 MP: 13/15
  2994 | D:4      | Noticed Eustachio
  3005 | D:4      | Killed Eustachio
  3005 | D:4      | Reached skill level 7 in Unarmed Combat
  3060 | D:4      | HP: 2/52 [orc/falchion (7)]
  3489 | D:4      | Found an opulent altar of Gozag.
  3696 | D:4      | Reached XP level 8. HP: 38/60 MP: 12/16
  3832 | D:4      | Found a staircase to the Ecumenical Temple.
  4024 | Temple   | Entered the Ecumenical Temple
  4133 | Temple   | Became a worshipper of Ashenzari the Shackled
  4238 | D:5      | Entered Level 5 of the Dungeon
  4644 | D:5      | Noticed Grinder
  4750 | D:5      | Killed Grinder
  4804 | D:5      | Learned a level 5 spell: Blade Hands
  5618 | D:6      | Reached XP level 9. HP: 61/66 MP: 14/18
  5638 | D:6      | Reached skill level 5 in Transmutations
  6629 | D:5      | Found a stormy altar of Qazlal.
  7207 | D:6      | Found a deep blue altar of Sif Muna.
  7216 | D:6      | Found a burning altar of Makhleb.
  7218 | D:6      | Found a hazy altar of Hepliaklqana.
  7265 | D:6      | Reached skill level 5 in Fighting
  7529 | D:6      | Found a snail-covered altar of Cheibriados.
  7587 | D:6      | Found an ornate altar of the Wu Jian Council.
  8026 | D:7      | Found a shadowy altar of Dithmenos.
  8178 | D:7      | Reached * piety under Ashenzari
  8238 | D:7      | Found a bloodstained altar of Trog.
  8262 | D:7      | Reached skill level 8 in Unarmed Combat
  8407 | D:7      | Found a glowing silver altar of Zin.
  8713 | D:7      | Reached skill level 5 in Invocations
  9169 | D:8      | Reached XP level 10. HP: 49/74 MP: 20/20
  9395 | D:8      | Found Lellall's Book Emporium.
  9428 | D:8      | Found a sacrificial altar of Ru.
  9690 | D:8      | Found a staircase to the Lair.
  9794 | D:8      | Found an ancient bone altar of Kikubaaqudgha.
  9870 | D:9      | Noticed Erolcha
  9886 | D:9      | Killed Erolcha
  9886 | D:9      | Reached skill level 5 in Short Blades
  9886 | D:9      | Reached skill level 5 in Long Blades
  9886 | D:9      | Reached skill level 5 in Axes
  9886 | D:9      | Reached skill level 5 in Maces & Flails
  9886 | D:9      | Reached skill level 5 in Polearms
  9886 | D:9      | Reached skill level 5 in Staves
  9886 | D:9      | Reached skill level 5 in Slings
  9886 | D:9      | Reached skill level 5 in Bows
  9886 | D:9      | Reached skill level 5 in Crossbows
  9886 | D:9      | Reached skill level 5 in Throwing
  9886 | D:9      | Reached skill level 5 in Armour
  9886 | D:9      | Reached skill level 5 in Stealth
  9886 | D:9      | Reached skill level 5 in Shields
  9886 | D:9      | Reached skill level 5 in Evocations
 10124 | D:9      | Found a white marble altar of Elyvilon.
 10149 | D:9      | Reached ** piety under Ashenzari
 10174 | D:9      | Noticed Pikel
 10174 | D:9      | Noticed a two-headed ogre
 10184 | D:9      | Killed Pikel
 10192 | D:9      | Killed a two-headed ogre
 10287 | D:9      | Slain by a yak

Skill      XL: |  1  2  3  4  5  6  7  8  9 10 |
---------------+-------------------------------+-----
Spellcasting   | 5 6 7 |  7.5
Invocations    | 1 2 3 4 5 6 |  6.0
Short Blades   | 1 2 3 4 5 |  5.4
Long Blades    | 1 2 3 4 5 |  5.4
Axes           | 1 2 3 4 5 |  5.4
Maces & Flails | 1 2 3 4 5 |  5.4
Polearms       | 1 2 3 4 5 |  5.4
Staves         | 1 2 3 4 5 |  5.4
Slings         | 1 2 3 4 5 |  5.4
Bows           | 1 2 3 4 5 |  5.4
Crossbows      | 1 2 3 4 5 |  5.4
Throwing       | 1 2 3 4 5 |  5.4
Armour         | 1 2 3 4 5 |  5.4
Stealth        | 1 2 3 4 5 |  5.4
Shields        | 1 2 3 4 5 |  5.4
Evocations     | 1 2 3 4 5 |  5.4
Conjurations   | 1 2 3 4 |  4.5
Hexes          | 1 2 3 4 |  4.5
Charms         | 1 2 3 4 |  4.5
Summonings     | 1 2 3 4 |  4.5
Necromancy     | 1 2 3 4 |  4.5
Translocations | 1 2 3 4 |  4.5
Fire Magic     | 1 2 3 4 |  4.5
Ice Magic      | 1 2 3 4 |  4.5
Air Magic      | 1 2 3 4 |  4.5
Earth Magic    | 1 2 3 4 |  4.5
Poison Magic   | 1 2 3 4 |  4.5
Fighting       | 3 4 5 6 |  6.1
Transmutations | 4 5 6 |  6.0
Dodging        | 5 6 7 |  7.2
Unarmed Combat | 7 8 |  8.6

Action                   |  1- 3 |  4- 6 |  7- 9 | 10-12 || total
-------------------------+-------+-------+-------+-------++-------
Melee: Unarmed           |    84 |   130 |   382 |   103 ||   699
       Headbutt          |     5 |     5 |    19 |     2 ||    31
       Kick              |     8 |    15 |    55 |    16 ||    94
       Bite              |     8 |    11 |    42 |    13 ||    74
       Punch             |     1 |     3 |    12 |     9 ||    25
 Cast: Beastly Appendage |     8 |    14 |    31 |     9 ||    62
       Sticks to Snakes  |       |     8 |    32 |     5 ||    45
Invok: Curse Item        |       |       |     1 |       ||     1
Evoke: Wand              |       |       |     1 |       ||     1
  Use: Scroll            |     1 |     1 |       |       ||     2
       Potion            |       |       |     1 |       ||     1
 Stab: Sleeping          |       |     2 |     7 |       ||     9
       Distracted        |       |       |     3 |     5 ||     8
       Paralysed         |       |       |       |     1 ||     1
  Eat: Chunk             |       |     7 |    12 |     6 ||    25
       Ration            |       |       |     2 |       ||     2
Armor: Robe              |    20 |    17 |       |       ||    37
       Leather armour    |       |       |    61 |    14 ||    75
Dodge: Dodged            |    84 |   128 |   249 |    49 ||   510
